[Event "11th Festival Palmanova-A 2022"]
[Site "Strassoldo"]
[Date "2022.12.11"]
[Round "6.9"]
[White "Piangerelli, Michele"]
[Black "Titze, Leo"]
[Result "0-1"]
[ECO "B36"]
[WhiteElo "2017"]
[BlackElo "2252"]
[Annotator "TA"]
[PlyCount "64"]
[EventDate "2022.12.08"]
[EventType "swiss"]
[EventCountry "ITA"]
[SourceTitle "playchess.com"]
[Source "ChessBase"]
[SourceQuality "1"]
[TimeControl "5400+30"]

1. e4 c5 2. Nf3 Nc6 3. d4 cxd4 4. Nxd4 g6 5. c4 Nf6 6. Nc3 d6 7. Be2 Nxd4 8. Qxd4 Bg7 9. Be3 O-O 10. Qd3 a5 $1 {[%emt 0:02:25][%mdl 4] is more profitable than 10...Be6 at the moment. B36: Sicilian: Maroczy Bind: Gurgenidze System.} 11. O-O a4 12. f4 Qa5 {[%emt 0:01:20] White is slightly better.} 13. Rad1 {[%emt 0:02:20][%cal Ba1d1,Bd1d3,Bd3e3][%mdl 32] [#]} Bd7 $146 ({Predecessor:} 13... Ng4 14. Bxg4 Bxg4 15. Rc1 Bxc3 16. Rxc3 Bd7 17. f5 Bc6 18. Bd4 f6 19. fxg6 Qh5 {1-0 (37) Moussard,J (2672)-Quesada Perez,Y (2568) Chennai 2022}) 14. e5 Bf5 {[%emt 0:04:41] [#]} (14... dxe5 {is interesting.} 15. fxe5 Ng4 16. Nd5 Nxe3 17. Qxe3 Bc6) 15. exf6 $1 Bxd3 16. fxg7 Kxg7 (16... Bxe2 $1 $14 17. gxf8=Q+ (17. gxf8=B $2 Bxf1 18. Bxe7 Bxc4 $19) (17. gxf8=R+ Kxf8 18. Nxe2 Qb4 $16) 17... Kxf8 18. Nxe2 Qb4) 17. Rxd3 Qb4 18. Bd4+ f6 19. Nd5 Qxc4 20. Nb6 $1 Qc2 {[%emt 0:01:06][%cal Oe7e5] [#] White must now prevent ...e5!} 21. Nxa8 $4 (21. Re3 $1 $16 {is necessary to keep the advantage. Threatens to win with Bc3.} Rae8 22. Bd3) 21... Qxe2 $17 22. Re3 Qc4 23. Re4 {[%emt 0:03:01][%mdl 8192] Loses the game.} e5 $19 ({Don't do} 23... Rxa8 {[#]} 24. Bxf6+ $1 (24. Rxe7+ $2 {loses.} Kf8 $19) 24... Kxf6 25. Rxc4 $18) 24. fxe5 dxe5 (24... Rxa8 25. exf6+ Kf7 26. Re7+ Kf8 27. Be3 $18) 25. Nc7 Qxc7 ({Stronger than} 25... exd4 26. Ne6+ Kg8 27. Nxf8 Kxf8 28. Rd1 $19) 26. Bc3 Qc6 27. Rfe1 Rd8 {[%emt 0:00:35][%cal Oa4a3] And now ...a3! would win.} 28. g4 (28. a3 $142) 28... h6 {[%emt 0:00:39][%cal Oa4a3] Hoping for ...a3!} 29. h4 Rd3 30. g5 hxg5 31. hxg5 Rg3+ 32. Kh2 Rxg5 {[%emt 0:51:49] Weighted Error Value: White=1.21/Black=0.36} 0-1

[Event "11th Festival Palmanova-A 2022"]
[Site "Strassoldo"]
[Date "2022.12.11"]
[Round "6.10"]
[White "Hercegovac, Neven"]
[Black "Perossa, Nicolas"]
[Result "1/2-1/2"]
[ECO "E92"]
[WhiteElo "2230"]
[BlackElo "2195"]
[Annotator "TA"]
[PlyCount "71"]
[EventDate "2022.12.08"]
[EventType "swiss"]
[EventCountry "ITA"]
[SourceTitle "playchess.com"]
[Source "ChessBase"]
[SourceQuality "1"]
[TimeControl "5400+30"]

1. d4 Nf6 2. c4 g6 3. Nc3 Bg7 4. e4 d6 5. Nf3 O-O 6. Be2 e5 7. Be3 exd4 8. Nxd4 Re8 9. f3 c6 10. Bf2 d5 11. exd5 cxd5 12. O-O Nc6 13. c5 Nh5 14. Qd2 {[%emt 0:00:35] Inhibits Nf4. E92: King's Indian: Classical: 6 Be2 e5: 7 dxe5, 7 Be3 and Petrosian System without 7...Nbd7.} a6 15. Rfe1 Be6 16. Rad1 {[%emt 0:01:50] White is more active. White is slightly better.} Qc7 {[%emt 0:03:27] [#]} 17. Nxc6 $146 (17. Bf1 $14 {should be considered.}) ({Predecessor:} 17. Bf1 Rad8 18. a3 Nf6 19. b4 Nd7 20. Nxe6 fxe6 21. Nxd5 Qb8 22. Qa2 Be5 23. f4 exd5 24. Rxd5 {1-0 (29) Muradli,M (2523)-Talibov,S (2307) Nakhchivan 2022}) 17... bxc6 $11 18. g3 (18. a3 {is more complex.} a5 19. Na4 Qf4 20. Nb6) 18... Qa5 19. g4 Nf6 20. Bd4 Reb8 (20... Rab8 $5 ) 21. Kg2 Qb4 22. b3 Nd7 (22... h5 {is interesting.} 23. h3 hxg4 24. hxg4 Nd7) 23. Na4 Qxd2 24. Rxd2 a5 25. Bd1 ({White should try} 25. Be3 $11) 25... Bxd4 $15 26. Rxd4 Rb5 27. Be2 Rb4 28. Rd2 Kg7 29. Kg3 Rh8 (29... g5 {looks sharper.} 30. Bf1 h5 31. h3 Kf6) 30. Bd3 h5 31. h3 g5 32. Rde2 Kf6 33. Re3 h4+ 34. Kg2 Rhb8 35. R3e2 Rf4 36. Re3 {[%emt 0:02:07] Weighted Error Value: White=0.18 (very precise) /Black=0.14 (very precise)} (36. Bc2 $15) 1/2-1/2

[Event "11th Festival Palmanova-A 2022"]
[Site "Strassoldo"]
[Date "2022.12.11"]
[Round "6.11"]
[White "Siraj, Svit"]
[Black "Bardone, Lorenzo"]
[Result "1/2-1/2"]
[ECO "B13"]
[WhiteElo "2114"]
[BlackElo "2215"]
[Annotator "TA"]
[PlyCount "68"]
[EventDate "2022.12.08"]
[EventType "swiss"]
[EventCountry "ITA"]
[SourceTitle "playchess.com"]
[Source "ChessBase"]
[SourceQuality "1"]
[TimeControl "5400+30"]

1. e4 c6 2. d4 d5 3. exd5 cxd5 4. Bf4 Nc6 5. Nf3 Bf5 6. c3 Nf6 7. Nbd2 {[%emt 0:01:03] B13: Caro-Kann: Exchange Variation and Panov-Botvinnik Attack.} e6 8. Ne5 {[%emt 0:02:15] aiming for g4.} Be7 {[%emt 0:11:17] [#]} (8... Bd6 $11 {keeps the balance.}) 9. Be2 (9. g4 $1 $16 Nxe5 10. gxf5 (10. Bxe5 Bxg4 11. Qa4+ Kf8 $17)) 9... Nd7 {[%emt 0:06:08] [#]} 10. Nxc6 $146 ({Predecessor:} 10. Nd3 O-O 11. O-O b5 12. Nf3 a6 13. Nde5 Rc8 14. a4 Ndxe5 15. Nxe5 Nxe5 16. Bxe5 {1-0 (30) Mueller,R (1845)-Link,F (1529) Rieneck 2008}) 10... bxc6 11. b4 a5 12. a3 O-O 13. O-O f6 14. Bg4 (14. Bg3 $14 {stays ahead.}) 14... Bxg4 (14... axb4 $17 15. cxb4 g5) 15. Qxg4 $11 {[%emt 0:00:17] The position is equal.} e5 16. dxe5 fxe5 17. Qe6+ ({Much worse is} 17. Bh6 Rf7 $15) (17. Bg3 {simplifies} Rf6 18. Qe2 Qc7 19. c4) 17... Kh8 {[%emt 0:00:55] [#] Strongly threatening ...Rf6.} 18. Bxe5 Nxe5 19. Qxe5 Bf6 20. Qg3 axb4 21. axb4 Rxa1 22. Rxa1 Bh4 23. Qd3 Bxf2+ 24. Kh1 Bh4 25. Nb3 Qc8 26. Nd4 Bf6 27. Rc1 Re8 28. Nf3 Qg4 29. b5 cxb5 30. Qxb5 Rd8 31. Rd1 Qc4 32. Qxc4 dxc4 33. Rxd8+ Bxd8 34. Ne5 {[%emt 0:00:07] Threatens to win with Nf7+.} Bf6 {[%emt 0:00:22] Weighted Error Value: White=0.18 (very precise) /Black=0.18 (very precise)} 1/2-1/2

[Event "11th Festival Palmanova-A 2022"]
[Site "Strassoldo"]
[Date "2022.12.11"]
[Round "6.12"]
[White "Ranfagni, Stefano"]
[Black "Vincenti, Leonardo"]
[Result "1-0"]
[ECO "B52"]
[WhiteElo "1934"]
[BlackElo "1910"]
[Annotator "TA"]
[PlyCount "109"]
[EventDate "2022.12.08"]
[EventType "swiss"]
[EventCountry "ITA"]
[SourceTitle "playchess.com"]
[Source "ChessBase"]
[SourceQuality "1"]
[TimeControl "5400+30"]

1. e4 c5 2. Nf3 d6 3. Bb5+ Bd7 4. Bxd7+ Qxd7 5. O-O g6 6. c3 {[%emt 0:00:13] B52: Sicilian: Moscow Variation with 3...Bd7.} Nf6 7. Re1 Bg7 8. d4 {[%emt 0:01:04] The position is equal.} e6 (8... O-O $11) 9. Nbd2 {[%emt 0:03:14] [#]} (9. dxc5 $14 dxc5 10. Qe2) 9... O-O $146 (9... cxd4 $11 {should be considered.} 10. cxd4 (10. Nxd4 O-O $11) 10... O-O) ({Predecessor:} 9... cxd4 10. cxd4 O-O 11. b3 Nc6 12. Bb2 Nb4 13. Nc4 b5 14. Na3 a5 15. Qe2 Rfc8 {0-1 (63) Kaplan,E (1882)-Aslan,C (1760) Kocaeli 2014}) 10. Nc4 b5 {[%emt 0:05:57] [#]} 11. Nxd6 Qxd6 12. e5 Qd5 {[%emt 0:00:39] And now ...Nfd7 would win.} 13. exf6 Bxf6 14. dxc5 Qxc5 15. Be3 Qe7 16. Nd4 Qb7 17. Qe2 a6 18. Rad1 Nd7 19. Bh6 Rfe8 20. Qg4 Bh8 (20... Nc5 {with more complications.} 21. Nc2 Rad8 22. Qf4 Bh8) 21. Nf3 Nf6 22. Qh4 Rac8 (22... Nd5 {looks sharper.} 23. Ne5 Qe7 24. Qe4 Qc7) 23. Rd3 Rc4 24. Rd4 Rxd4 25. Nxd4 Qd5 26. Bg5 Nd7 27. Nb3 Ne5 (27... a5 $17) 28. Qe4 $15 Qxe4 29. Rxe4 Nc4 30. Re2 f6 (30... Rc8 $15 {was preferrable.}) 31. Be3 Kf7 32. Nc5 Rd8 {[%emt 0:00:14] ( -> ...Rd1+)} 33. g3 a5 34. Nb7 (34. Bh6 $11) 34... Rd7 35. Nc5 Rd1+ 36. Kg2 e5 37. b3 Nd6 (37... Nxe3+ $15 38. fxe3 Bg7) 38. Rd2 Rxd2 39. Bxd2 $11 {[%emt 0:00:04][%mdl 4096] Endgame KBN-KBN} f5 40. a4 bxa4 41. Nxa4 Nb7 42. Kf1 Ke6 43. Ke2 e4 44. c4 Kd6 45. f3 exf3+ 46. Kxf3 Bd4 47. Bh6 Bc5 $2 {[%emt 0:00:45] [#]} (47... Nd8 $11) 48. Bf8+ $1 $18 Kc6 49. Bxc5 Nxc5 50. Nxc5 Kxc5 {[%emt 0:00:03] KP-KP} 51. Kf4 {[%emt 0:00:05] Against g5+} a4 $2 (51... Kb4 $18) 52. bxa4 {[%emt 0:00:10] White mates.} Kxc4 53. Kg5 Kb4 54. h4 Kxa4 55. Kh6 {[%emt 0:00:04] Weighted Error Value: White=0.11 (very precise) /Black=0.26 (precise)} 1-0